 Dungeon Crawl Stone Soup version 0.14-a0-759-g26e2352 (webtiles) character file.

168 4tharraofdagon the Firebug (level 4, -4/36 HPs)
             Began as a Naga Fire Elementalist on Nov 8, 2013.
             Slain by Grinder (10 damage)
             ... on Level 3 of the Dungeon.
             The game lasted 00:06:59 (707 turns).

4tharraofdagon the Firebug (Naga Fire Elementalist)  Turns: 707, Time: 00:06:59

HP  -4/36        AC  2     Str 11      XL: 4   Next: 83%
MP   0/8         EV 10     Int 16      God:
Gold 63          SH  0     Dex 11      Spells:  2 memorised,  3 levels left

Res.Fire  : . . .   See Invis. : +   i - +2,+0 elf short sword
Res.Cold  : . . .   Warding    : .   a - +0 robe
Life Prot.: . . .   Conserve   : .   (no shield)
Res.Poison: +       Res.Corr.  : .   (no helmet)
Res.Elec. : .       Clarity    : .   (no cloak)
Sust.Abil.: . .     Spirit.Shd : .   (no gloves)
Res.Mut.  : .       Stasis     : .   (no barding)
Res.Rott. : .       Flight     : .   (no amulet)
Saprovore : . . .                    (no ring)
                                     (no ring)

@: very slow, slightly resistant to hostile enchantments, fairly stealthy
A: spit poison, see invisible, deformed body, poison resistance, slowness 2, AC
+1
a: Spit Poison


You were on level 3 of the Dungeon.
You were not hungry.

You visited 1 branch of the dungeon, and saw 4 of its levels.

You collected 63 gold pieces.

Inventory:

Hand weapons
 i - a +2,+0 elven short sword (weapon)
Missiles
 j - a throwing net (quivered)
Armour
 a - a +0 robe (worn)
 e - a +0 buckler
Comestibles
 c - a bread ration
 f - a chunk of goblin flesh
 h - 2 chunks of orc flesh
 k - a rotting chunk of giant newt flesh
Scrolls
 g - a scroll of identify
 l - a scroll of remove curse
Jewellery
 d - a -3 ring of intelligence
Books
 b - a book of Flames

   Spells                             Type                      Level
   *Flame Tongue                      Conjuration/Fire             1
   Throw Flame                        Conjuration/Fire             2
   *Conjure Flame                     Conjuration/Fire             3
   Inner Flame                        Hexes/Fire                   3
   Sticky Flame                       Conjuration/Fire             4
   Fireball                           Conjuration/Fire             5


   Skills:
 - Level 1.5 Dodging
 - Level 3.0 Stealth
 + Level 2.1 Spellcasting
 * Level 2.7 Conjurations
 * Level 4.0 Fire Magic


You had 3 spell levels left.
You knew the following spells:

 Your Spells              Type           Power        Failure   Level  Hunger
a - Flame Tongue          Conj/Fire      ##...        8%          1    #......
b - Conjure Flame         Conj/Fire      ##......     17%         3    ####...


Dungeon Overview and Level Annotations

Branches:
Dungeon (4/27)
 Temple: D:4-7

Altars:

Annotations:
D:3 Grinder
D:4 Psiweapon's ghost, average GrMo


Innate Abilities, Weirdness & Mutations

You cannot wear boots.
You can spit poison.
Your serpentine skin is tough (AC +1).
You have supernaturally acute eyesight.
Armour fits poorly on your strangely shaped body.
Your system is resistant to poisons.
You cover ground very slowly.


Message History

Unknown command.
Grinder hits you.
* * * LOW HITPOINT WARNING * * *
You writhe in agony.
* * * LOW HITPOINT WARNING * * *
There is an open door here.
Unknown command.
Unknown command.
Unknown command.
Unknown command.
Casting: Conjure Flame
Confirm with . or Enter, or press ? or * to list all spells.
Aiming: Conjure Flame
Press: ? - help, Dir - move target cursor The fire roars!
Unknown command.
You closely miss Grinder.
Grinder is lightly wounded.
Grinder is engulfed in roaring flames.
Grinder hits you!
You die...

..# .###. #..(##### ..#
.....######...##.... ..#
##....#...........###
<.#
#...................##.#
.(#
#.......)..............#
..#
...#.##.'########'.##
... #.#........#.# ####
#.#.5####'.#...
..#.#@...#.#.###
##.#.#.##.#.#.#
##.#.#.##.#.#.#
##..#.#...)#.#.#
...#.'####'.#..
#.#........#.
#.'########'..#
#.................#
#...#......#.. )....


You could see Grinder.

Vanquished Creatures
  An orc wizard (D:3)
  4 adders
  A giant gecko (D:2)
  2 oozes (D:3)
  5 orcs (D:3)
  3 bats (D:2)
  4 giant cockroaches
  6 goblins
  2 hobgoblins (D:2)
  A quokka (D:2)
  3 giant newts (D:2)
  2 kobolds (D:2)
  4 rats
38 creatures vanquished.

Notes
Turn   | Place    | Note
--------------------------------------------------------------
     0 | D:1      | 4tharraofdagon, the Naga Fire Elementalist, began the quest for the Orb.
     0 | D:1      | Reached XP level 1. HP: 15/15 MP: 3/3
    85 | D:2      | Reached XP level 2. HP: 5/22 MP: 0/4
   155 | D:2      | HP: 1/22 [adder (1)]
   156 | D:2      | Reached XP level 3. HP: 1/28 MP: 0/6
   161 | D:2      | Learned a level 3 spell: Conjure Flame
   338 | D:2      | Paralysed by a potion of paralysis for 7 turns
   433 | D:3      | Reached XP level 4. HP: 11/36 MP: 2/7
   441 | D:3      | Reached skill level 4 in Fire Magic
   537 | D:4      | Noticed Psiweapon's ghost (average GrMo)
   634 | D:3      | Noticed Grinder
   701 | D:3      | Paralysed by Grinder for 3 turns
   707 | D:3      | Slain by Grinder

Action                   |  1- 3 |  4- 6 || total
-------------------------+-------+-------++-------
Melee: Unarmed           |     6 |       ||     6
       Short sword       |       |     5 ||     5
 Cast: Flame Tongue      |    19 |    15 ||    34
       Conjure Flame     |       |     4 ||     4
 Abil: Spit Poison       |    23 |    13 ||    36
  Use: Scroll            |     2 |       ||     2
       Potion            |     1 |       ||     1
